 Dungeon Crawl Stone Soup version 0.16.1-51-g6203257 (webtiles) character file.

42 uhvn the Stinger (level 3, -1/25 HPs)
             Began as a Naga Venom Mage on July 4, 2015.
             Slain by an adder (3 damage)
             ... on level 2 of the Dungeon.
             The game lasted 00:09:33 (1411 turns).

uhvn the Stinger (Naga Venom Mage)                  Turns: 1411, Time: 00:09:33

Health: -1/25      AC:  2    Str:  8    XL:     3   Next: 56%
Magic:  6/6        EV: 10    Int: 16    God:
Gold:   7          SH:  0    Dex: 11    Spells: 1 memorised, 5 levels left

rFire  + . .     SeeInvis +     (no weapon)
rCold  . . .     Clarity  .     a - +0 robe
rNeg   . . .     SustAb   .     (no shield)
rPois  +         Gourm    .     (no helmet)
rElec  .         Spirit   .     (no cloak)
rCorr  .         Warding  .     (no gloves)
rMut   .         Stasis   .     (no barding)
MR     .....                    (no amulet)
Stlth  ++........               (no ring)
                                (no ring)

@: very slow, not resistant to hostile enchantments, unstealthy
A: spit poison, see invisible, deformed body, deterioration 1, fire resistance
1, frail 1, poison resistance, slowness 2, weak 1, wild magic 1, AC +1
a: Spit Poison


You were on level 2 of the Dungeon.
You were not hungry.

You visited 1 branch of the dungeon, and saw 2 of its levels.

You collected 7 gold pieces.

Inventory:

Armour
 a - a +0 robe (worn)
Scrolls
 d - 5 scrolls of remove curse {unknown}
 e - 3 scrolls of identify {unknown}
Potions
 g - a potion of brilliance {unknown}
 h - a potion of flight {unknown}
Books
 b - a Young Poisoner's Handbook

   Spells                             Type                      Level
   a - Sting                          Conjuration/Poison           1
   b - Cure Poison                    Poison                       2
   c - Mephitic Cloud                 Conjuration/Poison/Air       3
   d - Olgreb's Toxic Radiance        Poison                       4
   e - Venom Bolt                     Conjuration/Poison           5
Comestibles
 c - 2 bread rations
 f - a slice of pizza


   Skills:
 + Level 1.6 Dodging
 * Level 3.6 Stealth
 * Level 2.3 Spellcasting
 + Level 0.4 Conjurations
 + Level 6.2 Poison Magic


You had 5 spell levels left.
You knew the following spells:

 Your Spells              Type           Power        Failure   Level  Hunger
a - Sting                 Conj/Pois      ###.         16%         1    #......


Dungeon Overview and Level Annotations

Branches:
Dungeon (2/15)

Altars:
Yredelemnul

Annotations:
D:2 1 runed door


Innate Abilities, Weirdness & Mutations

You cannot wear boots.
You can spit poison.
Your serpentine skin is tough (AC +1).
You have supernaturally acute eyesight.
Armour fits poorly on your strangely shaped body.
Your system is resistant to poisons.
You cover ground very slowly.
Your body is slowly deteriorating.
Your flesh is heat resistant.
You are frail (-10% HP).
You are weak. (Str -2)
Your spells are a little harder to cast, but a little more powerful.


Message History

* * * LOW HITPOINT WARNING * * *
The human skeleton barely misses you. The human skeleton closely misses you.
The human skeleton closely misses you.
An adder and a jackal come into view.
The adder bites you.
* * * LOW HITPOINT WARNING * * *
Found a leather armour.
The adder barely misses you. x2 2 jackals come into view.
The adder bites you.
* * * LOW HITPOINT WARNING * * *
The adder bites you.
* * * LOW HITPOINT WARNING * * *
The adder bites you but does no damage.
A jackal comes into view.
The jackal barks! x3
The jackal moves out of view.
The jackal barely misses you. The adder bites you.
You die...

##.## #.# #.
#.# .. #.#
... #.# ###.
###.
####.###...[#
. #........#
#.##h##..# #
#.##..##.#
#.S@h....#
####h.####
..# .## ##


You could see an adder and 2 jackals.

Vanquished Creatures
  A gnoll (D:1)
  A worm (D:1)
  A ball python (D:1)
  8 hobgoblins
  3 kobolds (D:1)
  5 bats
  2 giant cockroaches (D:1)
  A giant gecko (D:1)
  2 giant newts (D:1)
  2 goblins
  3 rats
29 creatures vanquished.

Notes
Turn   | Place    | Note
--------------------------------------------------------------
     0 | D:1      | uhvn, the Naga Venom Mage, began the quest for the Orb.
     0 | D:1      | Reached XP level 1. HP: 15/15 MP: 3/3
   238 | D:1      | Reached XP level 2. HP: 22/22 MP: 1/4
   378 | D:1      | Reached skill level 6 in Poison Magic
   572 | D:1      | Gained mutation: You are weak. (Str -2) [potion of mutation]
   572 | D:1      | Gained mutation: Your body is slowly deteriorating. [potion of mutation]
   572 | D:1      | Gained mutation: You are frail (-10% HP). [potion of mutation]
   583 | D:1      | Gained mutation: Your spells are a little harder to cast, but a little more powerful. [potion of mutation]
   583 | D:1      | Gained mutation: Your flesh is heat resistant. [potion of mutation]
   702 | D:1      | Reached XP level 3. HP: 25/25 MP: 1/6
  1264 | D:2      | Found a runed door.
  1265 | D:2      | Noticed a human
  1270 | D:2      | Found a basalt altar of Yredelemnul.
  1411 | D:2      | Slain by an adder

Action                   || total
-------------------------++-------
Melee: Unarmed           ||     7
 Cast: Sting             ||    58
  Use: Potion            ||     2
  Eat: Bread ration      ||     1
